 Dungeon Crawl Stone Soup version 0.24.0-125-gc4c63601f3 (webtiles) character file.

Game seed: 1047580566047757129, levelgen mode: deterministic

59 Braveman the Chopper (level 3, 0/36 HPs)
             Began as a Troll Berserker on Feb 24, 2020.
             Was a Follower of Trog.
             Slain by a jackal (3 damage)
             ... on level 2 of the Dungeon.
             The game lasted 00:05:20 (564 turns).

Braveman the Chopper (Troll Berserker)               Turns: 564, Time: 00:05:21

Health: 0/36       AC:  6    Str: 26    XL:     3   Next: 78%
Magic:  2/2        EV: 10    Int:  3    God:    Trog [*.....]
Gold:   71         SH:  0    Dex:  9    Spells: 2/2 levels left

rFire    . . .     SeeInvis .   a - +0 hand axe
rCold    . . .     Gourm    +   (no shield)
rNeg     . . .     Faith    .   b - +0 animal skin
rPois    .         Spirit   .   (helmet restricted)
rElec    .         Reflect  .   (no cloak)
rCorr    .         Harm     .   (gloves unavailable)
MR       .....                  (boots unavailable)
Stlth    +.........             (no amulet)
HPRegen  0.52/turn              (no ring)
MPRegen  0.08/turn              (no ring)

@: starving
A: large, unfitting armour, claws 3, fast metabolism 3, gourmand, regeneration
1, shaggy fur 1, tough skin 3
a: Berserk, Renounce Religion


You were on level 2 of the Dungeon.
You worshipped Trog.
Trog was aware of your devotion.
You were starving.

You visited 1 branch of the dungeon, and saw 2 of its levels.

You collected 71 gold pieces.

Inventory:

Hand Weapons
 a - a +0 hand axe (weapon)
Armour
 b - a +0 animal skin (worn)
 h - a +0 robe
 i - a +0 ring mail
Scrolls
 d - a scroll of teleportation {unknown}
 e - a scroll of remove curse {unknown}
 f - a scroll of identify {unknown}
 g - 3 scrolls of enchant armour {unknown}
 j - a scroll of fear {unknown}
Comestibles
 c - 4 rations


   Skills:
 + Level 2.8 Fighting
 + Level 3.3 Axes
 + Level 2.8 Dodging


You had 2 spell levels left.
You didn't know any spells.
Your spell library was empty.

Dungeon Overview and Level Annotations

Branches:
Dungeon (2/15)

Altars:
Vehumet


Innate Abilities, Weirdness & Mutations

You are too large for most types of armour.
You have claws for hands.
Your metabolism is lightning-fast.
You like to eat raw meat.
Your natural rate of healing is unusually fast.
You are covered in fur. (AC +1)
You have extremely tough skin. (AC +3)


Message History

The jackal closely misses you.
The jackal bites you but does no damage.
You closely miss the jackal.
The jackal is almost dead.
You closely miss the jackal.
The jackal bites you but does no damage.
The jackal closely misses you.
The jackal bites you but does no damage. x2
You closely miss the jackal.
The jackal is almost dead.
You hit the jackal but do no damage. The jackal bites you.
* * * LOW HITPOINT WARNING * * *
The jackal bites you.
* * * LOW HITPOINT WARNING * * *
You closely miss the jackal.
The jackal is severely wounded.
You barely miss the jackal.
The jackal bites you but does no damage.
The jackal bites you.
You die...

....?....°○°.......
.....w..°..°......
#†# #w# #.# #.# #†#
#.# #.# #.# ####.##
#.# #...hh# #.#
#....@## #)#
#......# #.#
#....#.# #.#
#....#.## #.#
#....#..# #.#
#....##.#####.#
#....##.......#
#....##.......#
#....###......#


You could see 2 jackals.

Vanquished Creatures
  An iguana (D:2)
  An adder (D:2)
  A worm (D:2)
  2 dart slugs
  2 goblins (D:1)
  5 hobgoblins
  2 bats (D:1)
  2 frilled lizards (D:1)
  2 kobolds (D:1)
  3 rats (D:1)
21 creatures vanquished.

Vanquished Creatures (others)
  A hobgoblin (D:2)
1 creature vanquished.

Grand Total: 22 creatures vanquished

Notes
Turn   | Place    | Note
-------+----------+-------------------------------------------
     0 | D:1      | Braveman the Troll Berserker began the quest for the Orb.
     0 | D:1      | Reached XP level 1. HP: 22/22 MP: 0/0
   202 | D:1      | Reached XP level 2. HP: 29/29 MP: 1/1
   480 | D:2      | Found a radiant altar of Vehumet.
   522 | D:2      | Reached skill level 3 in Axes
   522 | D:2      | Reached XP level 3. HP: 21/36 MP: 2/2
   564 | D:2      | Slain by a jackal

Levels and vault maps discovered:
D:1:      lightli_arrival_statue_moat, layout_rooms
D:2:      layout_basic, fiery_altar_vehumet, nemelex_xobeh_ov_fountains_minmay,
          lemuel_crystal_altar, mrwooster_statue_mirror

Skill      XL: |  1  2 |
---------------+-------+-----
Axes           | 3 |  3.3
Fighting       | |  2.8
Dodging        | |  2.8

Action                   || total
-------------------------++-------
Melee: Hand axe          ||    83
Armor: Animal skin       ||    64
Dodge: Dodged            ||    93
